 Dungeon Crawl Stone Soup version 0.30-a0-578-gdee14c521f (webtiles) character file.

Game seed: 15466639462028124775

3199 Farfigtubin the Covert (level 10, -1/56 HPs)
             Began as a Kobold Enchanter on Jan 1, 2023.
             Slain by a wolf (3 damage)
             ... led by Grum
             ... on level 8 of the Dungeon.
             The game lasted 01:02:56 (8868 turns).

Farfigtubin the Covert (Kobold Enchanter)           Turns: 8868, Time: 01:02:57

Health: -1/56      AC:  6    Str:  6    XL:     10   Next: 17%
Magic:  18/18      EV: 16    Int: 17    God:
Gold:   569        SH:  0    Dex: 19    Spells: 14/20 levels left

rFire   . . .      SeeInvis .    a - +3 dagger (venom)
rCold   . . .      Faith    .    (no shield)
rNeg    . . .      Spirit   .    b - +0 robe
rPois   .          Reflect  .    (no helmet)
rElec   .          Harm     .    (no cloak)
rCorr   .          Rampage  .    (no gloves)
Will    +....                    (no boots)
Stlth   ++++++                   (no amulet)
HPRegen 0.29/turn                w - ring of willpower
MPRegen 0.16/turn                F - +4 ring of protection

@: invisible
A: small, no large weapons, nightstalker 3
a: no special abilities


You were on level 8 of the Dungeon.
You visited 1 branch of the dungeon, and saw 8 of its levels.

You collected 569 gold pieces.

Inventory:

Hand Weapons
 a - a +3 dagger of venom (weapon)
Armour
 b - a +0 robe (worn)
 j - an orb of mayhem
Magical Staves
 h - a staff of conjuration
Jewellery
 d - a ring of fire
 w - a ring of willpower (left hand)
 F - a +4 ring of protection (right hand)
Wands
 s - a wand of digging (7)
 A - a wand of iceblast (11)
Scrolls
 f - 7 scrolls of identify
 m - 2 scrolls of enchant weapon {unknown}
 o - a scroll of vulnerability {unknown}
 q - a scroll of fog
 r - 4 scrolls of immolation
 t - a scroll of teleportation {unknown}
 v - 2 scrolls of amnesia {unknown}
 x - a scroll of magic mapping {unknown}
 y - a scroll of enchant armour {unknown}
 B - a scroll of poison {unknown}
 C - a scroll of fear {unknown}
 D - a scroll of noise {unknown}
 E - a scroll of acquirement {unknown}
Potions
 c - 2 potions of invisibility
 e - a potion of ambrosia {unknown}
 g - 2 potions of flight {unknown}
 i - 5 potions of curing
 k - a potion of berserk rage {unknown}
 l - a potion of lignification {unknown}
 n - a potion of might {unknown}
 p - 2 potions of mutation {unknown}
 u - a potion of magic {unknown}
 z - a potion of resistance {unknown}


   Skills:
 + Level 3.1 Fighting
 + Level 5.0 Short Blades
 + Level 4.2 Dodging
 + Level 12.4 Stealth
 + Level 5.6 Spellcasting
 + Level 6.1 Hexes
 + Level 0.2 Necromancy
 + Level 1.0 Translocations
 + Level 4.6 Ice Magic


You had 14 spell levels left.
You knew the following spells:

 Your Spells              Type           Power      Damage    Failure   Level
a - Ensorcelled Hibernat  Hex/Ice        46%        N/A       2%          2
b - Gell's Gravitas       Tloc           8%         N/A       26%         3
c - Necrotise             Necr           20%        1d5       12%         1

Your spell library contained the following spells:

 Spells                   Type           Power      Damage    Failure   Level
 Confusing Touch          Hex            25%        N/A       3%          3
 Tukima's Dance           Hex            25%        N/A       3%          3
 Dazzling Flash           Conj/Hex       30%        N/A       12%         3
 Blink                    Tloc           16%        N/A       13%         2
 Lesser Beckoning         Tloc           16%        N/A       26%         3
 Teleport Other           Tloc           8%         N/A       26%         3
 Anguish                  Hex/Necr       7%         N/A       34%         4
 Vampiric Draining        Necr           5%         2d6       36%         3
 Leda's Liquefaction      Hex/Erth       7%         N/A       36%         4
 Manifold Assault         Tloc           8%         N/A       65%         4
 Animate Dead             Necr           5%         N/A       77%         4
 Agony                    Necr           5%         N/A       98%         5
 Storm Form               Tmut/Air       2%         N/A       100%        7
 Infestation              Necr           2%         N/A       100%        8


Dungeon Overview and Level Annotations

Branches:
Dungeon (8/15)             Temple (0/1) D:7            Lair (0/5) D:8

Altars:
Elyvilon
Qazlal
Ru
Uskayaw

Annotations:
D:2 Sigmund
D:8 Grum


Innate Abilities, Weirdness & Mutations

You are small and have problems with some larger weapons.
You are completely attuned to the shadows.


Message History

The wolf bites you!
A wyvern comes into view.
The wolf bites you but does no damage. The wolf attacks as you move away!
The wolf bites you. The wolf attacks as you move away! The wolf bites you!
The wolf closely misses you. The wolf barely misses you. The wolf bites you.
The wolf completely misses you. The wolf attacks as you move away!
The wolf closely misses you. The wolf attacks as you move away!
The wolf bites you. The wolf bites you but does no damage.
The wolf attacks as you move away! The wolf bites you but does no damage.
The wolf attacks as you move away! The wolf misses you. x2
The wolf misses you. The wolf barely misses you.
The wolf attacks as you move away! The wolf bites you.
The wolf stops to sniff the ground.
Grum sniffs the air and quickly glances around.
The wolf bites you.
You fade into invisibility!
The wolf closely misses you. The wolf completely misses you.
The wolf bites you!
* * * LOW HITPOINT WARNING * * *
The wolf attacks as you move away! The wolf misses you. The wolf bites you!
* * * LOW HITPOINT WARNING * * *
The wolf misses you.
The wolf bites you but does no damage. x2
The wolf attacks as you move away! The wolf barely misses you.
The wolf attacks as you move away! The wolf barely misses you. x2
The wolf closely misses you. The wolf attacks as you move away!
The wolf misses you. The wolf attacks as you move away! The wolf bites you.
* * * LOW HITPOINT WARNING * * *
The wolf bites you.
* * * LOW HITPOINT WARNING * * *
The wolf barely misses you. The wolf bites you.
* * * LOW HITPOINT WARNING * * *
The wolf completely misses you.
You see here a +0 dagger.
The wolf bites you.
You die...

##..~~~~~ ###...~#### #.....≈# ..
#.##..≈# ∩. #.##..~# ..
#..#..#..### #.# #.~##.#
#.....#..... #######.###.~~~~~
#.... #.... ####................
##############hh@..............##
............g..##..####.####..##
...............##..# #.# #..###
#################..# #.# #..... #
....# ####..#....#####)#..
#!..^.# #.......####.###.#.#
#..#..# ###.......)...##.#)#
#.......<........#
#........#.#######


You could see Grum (wandering, unable to see you) and 2 wolves.

Vanquished Creatures
  A two-headed ogre (D:8)
  Grinder (D:4)
  A water moccasin (D:8)
  An ice beast (D:8)
  2 sky beasts
  2 black bears
  A wolf (D:8)
  2 ogres
  2 phantoms
  4 gnoll sergeants (D:6)
  2 necrophages (D:6)
  4 bullfrogs
  A scorpion (D:7)
  4 howler monkeys
  2 gnoll boudas (D:6)
  2 orc priests (D:5)
  6 iguanas
  Jessica (D:3)
  Terence (D:2)
  Ijyb (D:4)
  An orc wizard (D:8)
  5 gnolls (D:6)
  5 adders
  A river rat (D:5)
  A shadow imp (D:7)
  3 white imps
  An ufetubus (D:6)
  3 worms
  The ghost of gdog the Covert, a weakling GnDe (D:5)
  A dart slug (D:1)
  9 orcs
  10 ball pythons
  11 bats
  8 endoplasms
  4 giant cockroaches
  15 goblins
  5 hobgoblins
  9 jackals
  5 quokkas
  6 frilled lizards
  9 kobolds
  5 rats
159 creatures vanquished.

Notes
Turn   | Place    | Note
-------+----------+-------------------------------------------
     0 | D:1      | Farfigtubin the Kobold Enchanter began the quest for the
                  | Orb.
     0 | D:1      | Reached XP level 1. HP: 10/10 MP: 3/3
   315 | D:1      | Reached XP level 2. HP: 15/15 MP: 5/5
   677 | D:1      | Learned a level 2 spell: Ensorcelled Hibernation
   703 | D:1      | Reached XP level 3. HP: 19/19 MP: 4/6
  1121 | D:1      | Reached skill level 5 in Stealth
  1706 | D:2      | Reached XP level 4. HP: 24/24 MP: 7/7
  1768 | D:2      | Noticed Sigmund
  1942 | D:2      | Noticed Terence
  1988 | D:2      | Killed Terence
  2121 | D:2      | Reached skill level 1 in Ice Magic
  2211 | D:2      | Reached XP level 5. HP: 28/28 MP: 8/8
  2611 | D:3      | Found a sacrificial altar of Ru.
  2704 | D:3      | Noticed Jessica
  2725 | D:3      | Killed Jessica
  2726 | D:3      | Reached skill level 6 in Stealth
  2951 | D:3      | Noticed a phantom
  2998 | D:3      | Found a faded altar of an unknown god.
  3005 | D:3      | Killed a phantom
  3006 | D:3      | Reached XP level 6. HP: 6/32 MP: 8/10
  3572 | D:4      | Reached skill level 7 in Stealth
  3655 | D:4      | Learned a level 3 spell: Gell's Gravitas
  4089 | D:4      | Noticed Ijyb
  4128 | D:4      | Killed Ijyb
  4129 | D:4      | Reached XP level 7. HP: 22/37 MP: 11/11
  4425 | D:4      | Noticed Grinder
  4484 | D:4      | Paralysed by Grinder for 2 turns
  4488 | D:4      | Killed Grinder
  4489 | D:4      | Reached skill level 1 in Fighting
  4489 | D:4      | Reached skill level 8 in Stealth
  4742 | D:5      | Entered Level 5 of the Dungeon
  4760 | D:5      | Learned a level 1 spell: Necrotise
  4905 | D:5      | Reached XP level 8. HP: 16/43 MP: 5/13
  5279 | D:5      | HP: 2/43 [orc priest/+0 war axe of freezing (4)]
  5440 | D:5      | Reached skill level 9 in Stealth
  5590 | D:5      | Identified the +2 mace "Cookie Cutter" {vamp, rF+ Will+
                  | Stlth+}
  5668 | D:5      | Found a runed translucent door.
  5674 | D:5      | Noticed gdog's ghost (weakling GnDe)
  5708 | D:5      | Killed gdog's ghost
  5831 | D:5      | Found a runed translucent door.
  6386 | D:6      | Found a hide-covered altar of Uskayaw.
  6438 | D:6      | Reached skill level 10 in Stealth
  6662 | D:6      | Reached XP level 9. HP: 48/48 MP: 15/15
  7214 | D:6      | Reached skill level 1 in Translocations
  7430 | D:6      | Reached skill level 11 in Stealth
  7629 | D:7      | Got the Book of Loathsome Execration
  7657 | D:7      | Reached skill level 5 in Hexes
  7887 | D:7      | Found a white marble altar of Elyvilon.
  8055 | D:7      | Found a staircase to the Ecumenical Temple.
  8134 | D:8      | Reached skill level 5 in Spellcasting
  8196 | D:8      | Found a flagged portal.
  8432 | D:8      | Found a staircase to the Lair.
  8649 | D:8      | Found a stormy altar of Qazlal.
  8690 | D:8      | Noticed a two-headed ogre
  8694 | D:8      | Killed a two-headed ogre
  8695 | D:8      | Reached skill level 5 in Short Blades
  8695 | D:8      | Reached skill level 12 in Stealth
  8695 | D:8      | Reached XP level 10. HP: 56/56 MP: 16/18
  8836 | D:8      | Noticed Grum
  8866 | D:8      | HP: 2/56 [wolf[Grum] (2)]
  8868 | D:8      | Slain by a wolf

Illustrated notes

Levels and vault maps discovered:
D:1:      tekkud_arrival_beachfront_property, layout_loops_ring, minivault_11,
          minmay_vboxes
D:2:      layout_loops_ring, uniq_terence, uniq_sigmund
D:3:      layout_loops_ring, lemuel_crystal_altar,
          shapermc_ecumenical_altar_starsandcircs, kennysheep_jessica_study
D:4:      layout_loops_corners, uniq_grinder, uniq_ijyb
D:5:      layout_basic, ebering_ghost_sewer_f
D:6:      layout_basic, mainiacjoe_overflow_paths, pf_guarded_unrand_woodcutter
D:7:      layout_basic, elyvilon_altar_3, overflow_temple_1_default,
          minmay_temple_entry_arrows
D:8:      kennysheep_windowed_halls, layout_loops_ring, grunt_qazlal_clouds,
          lair_entry_dummy, enter_bailey_3, onia_ninara_dug_in_and_dangerous,
          uniq_grum, uniq_psyche

Skill      XL: |  1  2  3  4  5  6  7  8  9 |
---------------+----------------------------+-----
Stealth        | 5 6 7 8 10 12 | 12.4
Ice Magic      | 1 2 3 4 |  4.6
Dodging        | 3 4 |  4.2
Short Blades   | 2 3 4 5 |  5.0
Spellcasting   | 3 4 5 |  5.6
Hexes          | 4 6 |  6.1
Fighting       | 1 2 3 |  3.1
Translocations | 1 |  1.0
Necromancy     | |  0.2

Action                   |  1- 3 |  4- 6 |  7- 9 | 10-12 || total
-------------------------+-------+-------+-------+-------++-------
Melee: Dagger            |   104 |    84 |   160 |     3 ||   351
       Punch             |     3 |       |     1 |       ||     4
 Cast: Ensorcelled Hiber |    14 |    20 |    76 |       ||   110
       Necrotise         |       |       |     7 |       ||     7
       Gell's Gravitas   |       |       |     4 |       ||     4
  Use: Scroll            |       |     2 |     2 |       ||     4
       Potion            |       |     1 |     6 |     1 ||     8
 Stab: Sleeping          |    20 |    32 |    61 |     3 ||   116
       Distracted        |     1 |       |       |       ||     1
       Invisible         |       |       |     1 |       ||     1
Armor: Robe              |    20 |     9 |     9 |     9 ||    47
Dodge: Dodged            |   107 |    48 |    84 |    24 ||   263

Table legend: (Time is in decaauts)
 A = Elapsed time spent in this place.
 B = Non-inter-level travel time spent in this place.
 C = Inter-level travel time spent in this place.
 D = Time resting spent in this place.
 E = Time spent auto-exploring this place.
 F = Levels seen in this place.
 G = Mean time per level.
                   A        B        C        D        E       F      G
               +--------+--------+--------+--------+--------+-----+--------+
         Total |   8806 |   8603 |    203 |   1163 |   2360 |   8 | 1100.8 |
       Dungeon |   8806 |   8603 |    203 |   1163 |   2360 |   8 | 1100.8 |
               +--------+--------+--------+--------+--------+-----+--------+

Top non-repeatable levels by time:
     D:1: 1726 daAuts
     D:5: 1564 daAuts
     D:6: 1262 daAuts
     D:4: 1216 daAuts
     D:3: 1110 daAuts
     D:8: 736 daAuts
     D:2: 642 daAuts
     D:7: 548 daAuts
